 Dungeon Sprint DCSS version 0.28.0 (webtiles) character file.

Game seed: 8678187319436504412

193 boopmooplesden the Protected (level 5, -4/53 HPs)
             Began as a Minotaur Fighter on Feb 12, 2022.
             Slain by a scorpion (6 damage)
             ... in the Dungeon (Sprint II: "The Violet Keep of Menkaure").
             The game lasted 00:00:32 (276 turns).

boopmooplesden the Protected (Minotaur Fighter)      Turns: 276, Time: 00:00:32

Health: -4/53      AC:  8    Str: 20    XL:     5   Next: 43%
Magic:  4/4        EV:  9    Int:  5    God:
Gold:   243        SH:  5    Dex: 12    Spells: 4/4 levels left

rFire   . . .      SeeInvis .   a - +0 long sword
rCold   . . .      Faith    .   c - +0 buckler
rNeg    . . .      Spirit   .   b - +0 scale mail
rPois   .          Reflect  .   (helmet restricted)
rElec   .          Harm     .   (no cloak)
rCorr   .          Rampage  .   (no gloves)
Will    .....      NoTele   +   (no boots)
Stlth   ..........              (no amulet)
HPRegen 0.17/turn               (no ring)
MPRegen 0.09/turn               (no ring)

@: mighty, lethally poisoned (-4 -> -7)
A: horns 2, retaliatory headbutt
a: no special abilities


You were in the Dungeon.
You visited 1 branch You collected 243 gold pieces.

Inventory:

Hand Weapons
 a - a +0 long sword (weapon)
Armour
 b - a +0 scale mail (worn)
 c - a +0 buckler (worn)
Scrolls
 j - a scroll of blinking
Potions
 g - a potion of haste
 h - 2 potions of magic
 i - a potion of berserk rage


   Skills:
 + Level 8.1 Fighting
 + Level 6.1 Long Blades
 + Level 8.2 Armour
 + Level 0.2 Dodging
 + Level 7.5 Shields


You had 4 spell levels left.
You didn't know any spells.
Your spell library was empty.

Dungeon Overview and Level Annotations

Branches:
Dungeon (1/1)

Altars:


Innate Abilities, Weirdness & Mutations

You have a pair of horns on your head.
You reflexively headbutt those who attack you in melee.


Message History

You closely miss the scorpion. Your headbutt misses the scorpion.
The scorpion is lightly wounded.
You feel sick. The scorpion closely misses you.
The scorpion stings you but does no damage.
You slash the scorpion! You headbutt the scorpion.
The scorpion is severely wounded.
You feel sick. The scorpion barely misses you.
You closely miss the scorpion.
The scorpion is severely wounded.
You feel sick. The scorpion stings you.
* * * LOW HITPOINT WARNING * * *
You are lethally poisoned!
The scorpion poisons you!
You closely miss the scorpion.
The scorpion is severely wounded.
* * * LOW HITPOINT WARNING * * *
You feel very sick.
The scorpion stings you but does no damage.
The scorpion barely misses you.
You hit the scorpion.
You kill the scorpion!
* * * LOW HITPOINT WARNING * * *
You feel sick. You block the scorpion's attack.
Your Fighting skill increases to level 8!
Your Long Blades skill increases to level 6!
Your Armour skill increases to level 8!
Your Shields skill increases to level 7!
You have reached level 5!
You feel very mighty all of a sudden.
* * * LOW HITPOINT WARNING * * *
You feel sick.
The scorpion stings you but does no damage.
You hit the scorpion but do no damage.
* * * LOW HITPOINT WARNING * * *
You feel sick. The scorpion stings you.
* * * LOW HITPOINT WARNING * * *
You barely miss the scorpion. Your headbutt misses the scorpion.
* * * LOW HITPOINT WARNING * * *
You feel sick. The scorpion stings you.
You die...

## ## . .
.#. #$#
###
#s###.##
##@##...#
+.<.'##.+
##.##.###
#+# #.#
##


You could see a scorpion.

Vanquished Creatures
  3 scorpions (D)
  3 worms (D)
6 creatures vanquished.

Notes
Turn   | Place    | Note
-------+----------+-------------------------------------------
     0 | D        | boopmooplesden the Minotaur Fighter began the quest for the
                  | Orb.
     0 | D        | Reached XP level 1. HP: 19/19 MP: 0/0
    17 | D        | Reached XP level 2. HP: 6/28 MP: 1/1
   254 | D        | Noticed a scorpion
   254 | D        | Noticed a scorpion
   254 | D        | Noticed a scorpion
   254 | D        | Noticed a scorpion
   257 | D        | Killed a scorpion
   258 | D        | Reached skill level 5 in Shields
   258 | D        | Reached XP level 3. HP: 31/37 MP: 2/2
   258 | D        | Reached XP level 4. HP: 37/44 MP: 3/3
   263 | D        | Killed a scorpion
   264 | D        | Reached skill level 5 in Long Blades
   264 | D        | HP: 1/47 [scorpion (4)]
   273 | D        | Killed a scorpion
   274 | D        | Reached XP level 5. HP: 7/53 MP: 4/4
   276 | D        | HP: 2/53 [poisoned by a scorpion]
   276 | D        | Slain by a scorpion

Illustrated notes

Levels and vault maps discovered:
D:        the_violet_keep_of_menkaure [sprint2_stairs_cluster_1,
          sprint2_shoproom, sprint2_temple, sprint2_basic_supplies,
          sprint2_obstacle_4, sprint2_obstacle_7, sprint2_obstacle_2,
          sprint2_obstacle_5, sprint2_obstacle_3, sprint2_timed_cluster_1,
          sprint2_smallroom_cluster_1, sprint2_smallroom_final_cluster_1,
          sprint2_transparent_cluster_1, sprint2_second_timed_cluster_1,
          sprint2_sniper_area_1, sprint2_heavy_combat_area_1,
          sprint2_mutation_trap_area_1, sprint2_forest_area_1,
          sprint2_light_combat_area_1, sprint2_behind_water_1,
          sprint2_near_end_vault_1]

Skill      XL: |  1  2  3  4 |
---------------+-------------+-----
Fighting       | 4 6 8 |  8.1
Armour         | 4 6 8 |  8.2
Shields        | 4 5 7 |  7.5
Long Blades    | 4 6 |  6.1
Dodging        | |  0.2

Action                   |  1- 3 |  4- 6 || total
-------------------------+-------+-------++-------
Melee: Long sword        |    15 |    16 ||    31
       Headbutt          |     2 |     2 ||     4
  Use: Potion            |       |     3 ||     3
Armor: Scale mail        |     1 |     3 ||     4
Dodge: Dodged            |     4 |     5 ||     9
Block: Buckler           |     1 |     5 ||     6
